 Dungeon Crawl Stone Soup version 0.29.0-4-gdea44cf6ec (webtiles) character file.

Game seed: 5250545170884883961

21411 qw the Blocker (level 12, -8/111 HPs)
             Began as a Troll Cinder Acolyte on Sept 1, 2022.
             Was a Follower of Okawaru.
             Mangled by an eight-headed hydra (12 damage)
             ... on level 3 of the Lair of Beasts.
             The game lasted 00:07:17 (12091 turns).

qw the Blocker (Troll Cinder Acolyte)              Turns: 12091, Time: 00:07:18

Health: -8/111     AC:  7    Str: 29    XL:     12   Next: 54%
Magic:  11/12      EV:  9    Int: 10    God:    Okawaru [*.....]
Gold:   822        SH: 32    Dex:  5    Spells: 13/13 levels left

rFire   . . .      SeeInvis .     - Unarmed
rCold   + . .      Faith    .   i - +14 tower shield of the Geomancers {rF+ rC+}
rNeg    . . .      Spirit   .   l - +1 robe {Will+}
rPois   .          Reflect  .   (helmet restricted)
rElec   .          Harm     .   o - +1 cloak
rCorr   +          Rampage  .   (gloves unavailable)
Will    +....                   (boots unavailable)
Stlth   ++........              d - amulet of the acrobat
HPRegen 1.08/turn               a - ring of resist corrosion
MPRegen 0.13/turn               (no ring)

@: heroic, fire susceptible
A: large, unfitting armour, claws 3, regeneration 1, shaggy fur 1, tough skin 1
a: Renounce Religion, Heroism


You were on level 3 of the Lair of Beasts.
You worshipped Okawaru.
Okawaru was aware of your devotion.
You visited 2 branches of the dungeon, and saw 12 of its levels.
You also visited: Ossuary.

You collected 822 gold pieces.


Innate Abilities, Weirdness & Mutations

You are too large for most types of armour.
You have claws for hands.
Your natural rate of healing is unusually fast.
You are covered in fur. (AC +1)
You have tough skin. (AC +1)


   Skills:
 - Level 5.0(10.0) Fighting
 - Level 1.0(6.0) Armour
 - Level 1.0(6.0) Dodging
 - Level 14.0(19.0) Shields
 + Level 13.3(18.3) Unarmed Combat
 - Level 1.0 Spellcasting
 - Level 2.1 Fire Magic
 + Level 2.6 Invocations


You had 13 spell levels left.
You didn't know any spells.
Your spell library contained the following spells:

 Spells                   Type           Power      Damage    Failure   Level
 Scorch                   Fire           8%         2d5       38%         2

Inventory:

Armour
 e - the +1 robe "Koilloc" {-Tele Rampage Fly rC++}
   (You found it on level 2 of the Dungeon)

   rC:        It greatly protects you from cold.
   Fly:       It grants you flight.
   -Tele:     It prevents most forms of teleportation.
   Rampage:   It bestows one free step when moving towards enemies.
 i - the +14 tower shield of the Geomancers (worn) {rF+ rC+}
   (You acquired it on level 5 of the Dungeon)

   rF:        It protects you from fire.
   rC:        It protects you from cold.
 l - a +1 robe of willpower (worn)
 o - a +1 cloak (worn)
Jewellery
 a - a ring of resist corrosion (left claw)
 d - an amulet of the acrobat (around neck)
 h - a ring of ice
Scrolls
 b - 4 scrolls of teleportation
 g - 2 scrolls of enchant weapon
 m - 5 scrolls of identify
Potions
 c - 15 potions of curing
 j - 2 potions of mutation
 n - 4 potions of might
 q - a potion of cancellation

Dungeon Overview and Level Annotations

Branches:
Dungeon (9/15)             Temple (0/1) D:5            Lair (3/5) D:8
  Swamp (0/4) Lair:3        Snake (0/4) Lair:3      Ossuary (visited)
    Orc: D:9-12

Altars:
Dithmenos
Fedhas
Gozag
Okawaru
Xom

Annotations:
D:3 2 transporters, Boalyexo's ghost, amateur TeWr
D:5 1 runed translucent door, Crazy Yiuf


Message History

You block the alligator's attack. The alligator tail-slaps you!
You see here 17 gold pieces.
You closely miss the alligator. You block the alligator's attack. x2
You block the seven-headed hydra's attack.
The seven-headed hydra bites you!
The seven-headed hydra barely misses you.
The seven-headed hydra closely misses you.
The seven-headed hydra bites you. x2
You block the seven-headed hydra's attack.
You eviscerate the alligator!!!
The alligator is heavily wounded.
You claw the alligator!
The alligator is severely wounded.
You block the alligator's attack. x2; The seven-headed hydra bites you!
You block the seven-headed hydra's attack.
The seven-headed hydra bites you but does no damage.
The seven-headed hydra bites you!
The seven-headed hydra bites you but does no damage. x2
You block the seven-headed hydra's attack.
You eviscerate the alligator!!!
You kill the alligator!
Okawaru accepts your kill. You block the swamp worm's attack.
You block the seven-headed hydra's attack.
The seven-headed hydra bites you.
You block the seven-headed hydra's attack.
The seven-headed hydra bites you!
The seven-headed hydra closely misses you.
The seven-headed hydra bites you.
You block the seven-headed hydra's attack.
You claw one of the seven-headed hydra's heads off!
The six-headed hydra grows two more!
You claw the eight-headed hydra!
The eight-headed hydra is lightly wounded.
The swamp worm bites you but does no damage.
You block the eight-headed hydra's attack. x3
The eight-headed hydra bites you!
You block the eight-headed hydra's attack.
The eight-headed hydra bites you! x3
You die...

#......~~#~~~~~~~~~~#~~~ ..####
#......~~###~~~~~~~~~})~ ...##.
#...#>.~~#~~##~~#~~..~~ #.....
#....###~~~~~.~~~~~..~#~# ##.....
##...# ~#~..[#~~~~.#~#~###......
##..# .~..~.~~~.~..~~~##.......
##.#.# ~~~~~P..~~~..~~~~#...<....
#..#.##~#~~#~~.w~.~~~####........
......~~~.~~~~~~@DP~~~~~#........
.......~~#~~~~~~.%~~#~#~~........
...>...~~~~#~~~#.~.#~~~~~........
.......~~~#~~~#~.P~~.~..~........
.......#~~#~~~~~~~~.~~~~.........
.......# ~#~~~.~..~~.~.P~........
.......# ~~~#P...~~.~.~~~........
.>.....# ~~#~.~~.~~~~.P~~P.....##
.......# ..##~.#~#~.#~~~~##..#


You could see an eight-headed hydra and a swamp worm.

Vanquished Creatures
  A hydra (Lair:3)
  A two-headed ogre (D:8)
  3 alligators (Lair:3)
  A centaur warrior (D:8)
  A swamp dragon (Lair:3)
  Pikel (D:6)
  An ugly thing (D:8)
  7 elephants
  Psyche (D:9)
  4 cane toads
  5 komodo dragons
  2 rime drakes
  A meliai (D:8)
  A polar bear (Lair:3)
  A troll (D:9)
  Prince Ribbit (D:7)
  2 tyrant leeches (Lair:3)
  8 blink frogs
  3 wyverns
  14 yaks
  2 basilisks (D:8)
  Menkaure (D:5)
  Edmund (D:5)
  4 nagas (Lair:3)
  A swamp worm (Lair:3)
  Duvessa (D:6)
  4 water moccasins (Lair:3)
  2 ice beasts (D:6)
  A swamp drake (Lair:3)
  2 orc warriors
  A sky beast (D:7)
  4 black bears
  5 wolves (Lair:1)
  An ogre (D:4)
  A centaur (D:7)
  2 phantoms
  A lemure (D:6)
  Blork the orc (D:4)
  7 bullfrogs
  3 elf zombies (Ossuary)
  3 gnoll sergeants
  4 necrophages
  A scorpion (D:6)
  4 wights (D:8)
  Dowan (D:6)
  6 killer bees (D:8)
  2 hounds
  A human zombie (Ossuary)
  2 jellies
  An orc priest (D:5)
  7 orc wizards
  7 hell rats (Lair:2)
  9 iguanas
  3 mummies
  12 gnolls
  4 adders
  3 white imps
  An ufetubus (D:4)
  An adder zombie (Ossuary)
  A dart slug (D:3)
  36 orcs
  7 endoplasms
  3 giant cockroaches
  5 hobgoblins
  3 quokkas
  4 ball pythons
  5 bats
  3 frilled lizards
  5 goblins
  2 goblin zombies (Ossuary)
  11 hobgoblin zombies (Ossuary)
  10 kobolds
  10 kobold zombies (Ossuary)
  6 orc zombies (Ossuary)
  5 rats
  2 rat zombies (Ossuary)
294 creatures vanquished.

Vanquished Creatures (others)
  5 fungi
  6 plants
11 creatures vanquished.

Grand Total: 305 creatures vanquished

Notes
Turn   | Place    | Note
-------+----------+-------------------------------------------
     0 | D:1      | qw the Troll Cinder Acolyte began the quest for the Orb.
     0 | D:1      | Reached XP level 1. HP: 22/22 MP: 1/1
     0 | D:1      | 0 ||| qw: Version: 0.1-a-97-g2dd2ca4
     0 | D:1      | 0 ||| qw: Game counter: 4695
     0 | D:1      | 0 ||| qw: Always use a shield: true
     0 | D:1      | 0 ||| qw: God list: Okawaru
     0 | D:1      | 0 ||| qw: Allow faded altars: false
     0 | D:1      | 0 ||| qw: Do Orc after D:15 true
     0 | D:1      | 0 ||| qw: Do second Lair branch before Depths: true
     0 | D:1      | 0 ||| qw: Lair rune preference: random
     0 | D:1      | 0 ||| qw: Plans: Normal
     0 | D:1      | 0 ||| PLANNING D:1-11
   210 | D:1      | Reached XP level 2. HP: 29/29 MP: 2/2
   775 | D:1      | 775 ||| READING scroll labelled FUEW VAPLA.
   776 | D:1      | 776 ||| READING 2 scrolls labelled QUOSTOTHIY.
   777 | D:1      | 777 ||| READING scroll labelled HAINUOR ORHA.
   778 | D:1      | 778 ||| READING scroll labelled PINAFE NYRU.
   779 | D:1      | 779 ||| READING scroll labelled YMAORO KIONO.
   780 | D:1      | 780 ||| READING scroll labelled SOCVIO HYAMETU.
   781 | D:1      | 781 ||| DRINKING 2 fuming grey potions.
   782 | D:1      | 782 ||| DROPPING potion of brilliance.
   844 | D:2      | 844 ||| Stepping ~*~*~tactically~*~*~ (stealth).
   889 | D:2      | Found a faded altar of an unknown god.
  1053 | D:2      | Identified the +1 robe "Koilloc" {-Tele Rampage Fly rC++}
  1084 | D:2      | Found a blossoming altar of Fedhas.
  1212 | D:2      | Reached XP level 3. HP: 36/36 MP: 3/3
  1366 | D:2      | 1366 ||| Stepping ~*~*~tactically~*~*~ (stealth).
  1559 | D:2      | 1559 ||| READING scroll labelled PYTORGH WEAT.
  1564 | D:2      | 1564 ||| READING scroll labelled OTESHO ZICWIATZ.
  1674 | D:3      | Reached XP level 4. HP: 44/44 MP: 4/4
  1718 | D:3      | Noticed Boalyexo's ghost (amateur TeWr)
  1720 | D:3      | Noticed a sky beast
  1735 | D:3      | Found a transporter.
  1863 | D:3      | Noticed a necrophage
  1875 | D:3      | Killed a necrophage
  1876 | D:3      | Reached XP level 5. HP: 50/50 MP: 5/5
  1937 | D:3      | 1937 ||| Stepping ~*~*~tactically~*~*~ (hiding).
  2409 | D:3      | Found a transporter.
  2576 | D:3      | 2576 ||| READING scroll labelled OSMUOH NIPUJU.
  2577 | D:3      | 2577 ||| READING 2 scrolls labelled GOCUCO NEPITI.
  2678 | D:3      | 2678 ||| READING scroll labelled QYVESY IPNUTASA.
  2679 | D:3      | 2679 ||| DRINKING 3 smoky amethyst potions.
  2680 | D:3      | 2680 ||| DROPPING scroll of silence.
  2862 | D:3      | 2862 ||| READING 4 scrolls of teleportation.
  2863 | D:3      | 2863 ||| STAIRDANCE
  2918 | D:4      | Reached skill level 6 in Unarmed Combat
  2922 | D:4      | Noticed an ogre
  2926 | D:4      | 2926 ||| Stepping ~*~*~tactically~*~*~ (stealth).
  2932 | D:4      | Killed an ogre
  2956 | D:4      | 2956 ||| Stepping ~*~*~tactically~*~*~ (stealth).
  2993 | D:4      | Reached XP level 6. HP: 59/59 MP: 6/6
  3034 | D:4      | Noticed Blork the orc
  3035 | D:4      | 3035 ||| Stepping ~*~*~tactically~*~*~ (hiding).
  3036 | D:4      | 3036 ||| Stepping ~*~*~tactically~*~*~ (hiding).
  3038 | D:4      | 3038 ||| Stepping ~*~*~tactically~*~*~ (hiding).
  3045 | D:4      | Killed Blork the orc
  3163 | D:4      | 3163 ||| Stepping ~*~*~tactically~*~*~ (outnumbered).
  3511 | D:4      | 3511 ||| READING scroll labelled MOMEUC ROMUPS.
  3512 | D:4      | 3512 ||| DRINKING 2 emerald potions.
  3539 | D:3      | 3539 ||| READING 3 scrolls of teleportation.
  3568 | D:5      | Entered Level 5 of the Dungeon
  3570 | D:5      | 3570 ||| STAIRDANCE
  3613 | D:5      | Found a runed translucent door.
  3613 | D:5      | Found the +6 shillelagh "Devastator" {shatter}
  3614 | D:5      | Noticed Crazy Yiuf
  3642 | D:5      | Found a shimmering altar of Xom.
  3706 | D:5      | 3706 ||| Stepping ~*~*~tactically~*~*~ (stealth).
  3707 | D:5      | 3707 ||| Stepping ~*~*~tactically~*~*~ (stealth).
  3708 | D:5      | 3708 ||| Stepping ~*~*~tactically~*~*~ (stealth).
  3708 | D:5      | Found a staircase to the Ecumenical Temple.
  3781 | D:5      | 3781 ||| Stepping ~*~*~tactically~*~*~ (outnumbered).
  3782 | D:5      | 3782 ||| Stepping ~*~*~tactically~*~*~ (outnumbered).
  3783 | D:5      | 3783 ||| Stepping ~*~*~tactically~*~*~ (outnumbered).
  3792 | D:5      | Reached XP level 7. HP: 52/66 MP: 7/7
  3826 | D:5      | Identified the +1 ring mail "Teogret" {*Corrode rElec
                  | Regen+ Stlth+}
  3834 | D:5      | Noticed Edmund
  3846 | D:5      | Killed Edmund
  3847 | D:5      | Reached skill level 3 in Fighting
  3853 | D:5      | Found an iron altar of Okawaru.
  3856 | D:5      | Found an opulent altar of Gozag.
  3857 | D:5      | 3857 ||| Stepping ~*~*~tactically~*~*~ (hiding).
  3962 | D:5      | 3962 ||| Stepping ~*~*~tactically~*~*~ (hiding).
  3982 | D:5      | 3982 ||| Stepping ~*~*~tactically~*~*~ (stealth).
  3983 | D:5      | 3983 ||| Stepping ~*~*~tactically~*~*~ (stealth).
  3984 | D:5      | 3984 ||| Stepping ~*~*~tactically~*~*~ (stealth).
  3985 | D:5      | 3985 ||| Stepping ~*~*~tactically~*~*~ (stealth).
  4027 | D:5      | Noticed Menkaure
  4035 | D:5      | 4035 ||| INVOKING Fiery Armour.
  4036 | D:5      | Killed Menkaure
  4037 | D:5      | Reached skill level 9 in Unarmed Combat
  4339 | D:5      | 4339 ||| READING scroll labelled JYGASTR VOSILAPP.
  4339 | D:5      | Identified a scroll of acquirement
  4339 | D:5      | 4339 ||| ACQUIRING +14 tower shield of the Geomancers {rF+
                  | rC+}
  4339 | D:5      | Acquired the +14 tower shield of the Geomancers {rF+ rC+}
  4341 | D:5      | 4341 ||| UPGRADING to +14 tower shield of the Geomancers
                  | {rF+ rC+}.
  4381 | D:6      | Noticed Duvessa
  4381 | D:6      | Noticed Dowan
  4382 | D:6      | 4382 ||| INVOKING Fiery Armour.
  4398 | D:6      | Killed Dowan
  4399 | D:6      | Reached skill level 1 in Shields
  4399 | D:6      | Reached XP level 8. HP: 58/75 MP: 8/8
  4406 | D:6      | Killed Duvessa
  4407 | D:6      | Reached skill level 2 in Shields
  4668 | D:6      | Reached skill level 3 in Shields
  4918 | D:6      | Reached skill level 4 in Shields
  5169 | D:6      | Noticed Pikel
  5176 | D:6      | 5176 ||| Stepping ~*~*~tactically~*~*~ (outnumbered).
  5177 | D:6      | 5177 ||| Stepping ~*~*~tactically~*~*~ (outnumbered).
  5180 | D:6      | 5180 ||| Stepping ~*~*~tactically~*~*~ (outnumbered).
  5183 | D:6      | 5183 ||| Stepping ~*~*~tactically~*~*~ (outnumbered).
  5192 | D:6      | Killed Pikel
  5193 | D:6      | Reached skill level 6 in Shields
  5209 | D:6      | Reached XP level 9. HP: 83/83 MP: 9/9
  5290 | D:6      | 5290 ||| Stepping ~*~*~tactically~*~*~ (outnumbered).
  5291 | D:6      | 5291 ||| Stepping ~*~*~tactically~*~*~ (outnumbered).
  5292 | D:6      | 5292 ||| Stepping ~*~*~tactically~*~*~ (outnumbered).
  5293 | D:6      | 5293 ||| Stepping ~*~*~tactically~*~*~ (outnumbered).
  5294 | D:6      | 5294 ||| Stepping ~*~*~tactically~*~*~ (outnumbered).
  5295 | D:6      | 5295 ||| Stepping ~*~*~tactically~*~*~ (outnumbered).
  5296 | D:6      | 5296 ||| Stepping ~*~*~tactically~*~*~ (outnumbered).
  5297 | D:6      | 5297 ||| Stepping ~*~*~tactically~*~*~ (outnumbered).
  5298 | D:6      | 5298 ||| Stepping ~*~*~tactically~*~*~ (outnumbered).
  5299 | D:6      | 5299 ||| Stepping ~*~*~tactically~*~*~ (outnumbered).
  5308 | D:6      | Reached skill level 7 in Shields
  5556 | D:6      | 5556 ||| READING 4 scrolls of identify.
  5556 | D:6      | 5556 ||| IDENTIFYING bubbling yellow potion
  5557 | D:6      | 5557 ||| READING 3 scrolls of identify.
  5557 | D:6      | 5557 ||| IDENTIFYING fizzy silvery potion
  5558 | D:6      | 5558 ||| READING 2 scrolls of identify.
  5558 | D:6      | 5558 ||| IDENTIFYING lumpy ruby potion
  5559 | D:6      | 5559 ||| DROPPING potion of degeneration.
  5560 | D:6      | 5560 ||| DROPPING potion of invisibility.
  5567 | D:7      | 5567 ||| PLANNING OSSUARY
  5589 | D:7      | 5589 ||| Stepping ~*~*~tactically~*~*~ (stealth).
  5592 | D:7      | Noticed Prince Ribbit
  5593 | D:7      | 5593 ||| Stepping ~*~*~tactically~*~*~ (stealth).
  5606 | D:7      | Killed Prince Ribbit
  5611 | D:7      | 5611 ||| Stepping ~*~*~tactically~*~*~ (outnumbered).
  5612 | D:7      | 5612 ||| Stepping ~*~*~tactically~*~*~ (hiding).
  5614 | D:7      | 5614 ||| Stepping ~*~*~tactically~*~*~ (outnumbered).
  5616 | D:7      | 5616 ||| Stepping ~*~*~tactically~*~*~ (outnumbered).
  5617 | D:7      | 5617 ||| Stepping ~*~*~tactically~*~*~ (outnumbered).
  5618 | D:7      | 5618 ||| Stepping ~*~*~tactically~*~*~ (outnumbered).
  5634 | D:7      | Reached skill level 8 in Shields
  5680 | D:7      | 5680 ||| Stepping ~*~*~tactically~*~*~ (stealth).
  5682 | D:7      | 5682 ||| Stepping ~*~*~tactically~*~*~ (stealth).
  5684 | D:7      | 5684 ||| Stepping ~*~*~tactically~*~*~ (stealth).
  5688 | D:7      | 5688 ||| Stepping ~*~*~tactically~*~*~ (stealth).
  5697 | D:7      | 5697 ||| Stepping ~*~*~tactically~*~*~ (hiding).
  5816 | D:7      | 5816 ||| Stepping ~*~*~tactically~*~*~ (stealth).
  5818 | D:7      | 5818 ||| Stepping ~*~*~tactically~*~*~ (hiding).
  5823 | D:7      | 5823 ||| Stepping ~*~*~tactically~*~*~ (stealth).
  5846 | D:7      | Found a shadowy altar of Dithmenos.
  5968 | D:7      | 5968 ||| INVOKING Fiery Armour.
  5971 | D:7      | 5971 ||| Stepping ~*~*~tactically~*~*~ (outnumbered).
  5973 | D:7      | 5973 ||| Stepping ~*~*~tactically~*~*~ (outnumbered).
  6035 | D:7      | Identified the +2 chain mail "Bitof" {rElec MP-9 Int+9}
  6041 | D:7      | Found a sand-covered staircase.
  6058 | D:7      | 6058 ||| READING scroll labelled ZIOJ IGGAM UDE.
  6064 | Ossuary  | Entered an ossuary
  6075 | Ossuary  | 6075 ||| Stepping ~*~*~tactically~*~*~ (outnumbered).
  6077 | Ossuary  | 6077 ||| Stepping ~*~*~tactically~*~*~ (outnumbered).
  6078 | Ossuary  | 6078 ||| Stepping ~*~*~tactically~*~*~ (outnumbered).
  6079 | Ossuary  | 6079 ||| Stepping ~*~*~tactically~*~*~ (outnumbered).
  6080 | Ossuary  | 6080 ||| Stepping ~*~*~tactically~*~*~ (outnumbered).
  6082 | Ossuary  | 6082 ||| Stepping ~*~*~tactically~*~*~ (outnumbered).
  6083 | Ossuary  | 6083 ||| Stepping ~*~*~tactically~*~*~ (outnumbered).
  6084 | Ossuary  | 6084 ||| Stepping ~*~*~tactically~*~*~ (outnumbered).
  6085 | Ossuary  | 6085 ||| Stepping ~*~*~tactically~*~*~ (outnumbered).
  6087 | Ossuary  | 6087 ||| Stepping ~*~*~tactically~*~*~ (outnumbered).
  6088 | Ossuary  | 6088 ||| Stepping ~*~*~tactically~*~*~ (outnumbered).
  6089 | Ossuary  | 6089 ||| Stepping ~*~*~tactically~*~*~ (outnumbered).
  6090 | Ossuary  | 6090 ||| Stepping ~*~*~tactically~*~*~ (outnumbered).
  6091 | Ossuary  | 6091 ||| INVOKING Fiery Armour.
  6092 | Ossuary  | 6092 ||| Stepping ~*~*~tactically~*~*~ (outnumbered).
  6093 | Ossuary  | 6093 ||| Stepping ~*~*~tactically~*~*~ (outnumbered).
  6094 | Ossuary  | 6094 ||| Stepping ~*~*~tactically~*~*~ (outnumbered).
  6123 | Ossuary  | 6123 ||| Stepping ~*~*~tactically~*~*~ (outnumbered).
  6124 | Ossuary  | 6124 ||| Stepping ~*~*~tactically~*~*~ (outnumbered).
  6125 | Ossuary  | 6125 ||| Stepping ~*~*~tactically~*~*~ (outnumbered).
  6127 | Ossuary  | 6127 ||| Stepping ~*~*~tactically~*~*~ (outnumbered).
  6235 | Ossuary  | 6235 ||| INVOKING Fiery Armour.
  6236 | Ossuary  | 6236 ||| Stepping ~*~*~tactically~*~*~ (outnumbered).
  6237 | Ossuary  | 6237 ||| Stepping ~*~*~tactically~*~*~ (outnumbered).
  6239 | Ossuary  | 6239 ||| Stepping ~*~*~tactically~*~*~ (outnumbered).
  6267 | Ossuary  | Reached skill level 9 in Shields
  6572 | Ossuary  | 6572 ||| DRINKING 2 grey potions.
  6673 | Ossuary  | 6673 ||| DRINKING 2 ruby potions.
  6674 | Ossuary  | 6674 ||| READING 4 scrolls of identify.
  6674 | Ossuary  | 6674 ||| IDENTIFYING black potion
  6675 | Ossuary  | 6675 ||| READING 3 scrolls of identify.
  6675 | Ossuary  | 6675 ||| IDENTIFYING puce potion
  6676 | Ossuary  | 6676 ||| DROPPING potion of ambrosia.
  6689 | D:7      | 6689 ||| PLANNING D:1-11
  6807 | D:7      | 6807 ||| UPGRADING to +0 cloak.
  6812 | D:7      | 6812 ||| READING scroll of enchant armour.
  6812 | D:7      | 6812 ||| ENCHANTING +0 cloak.
  6852 | D:8      | Found a staircase to the Lair.
  6852 | D:8      | Noticed an elephant
  6853 | D:8      | 6853 ||| Stepping ~*~*~tactically~*~*~ (hiding).
  6864 | D:8      | 6864 ||| DRINKING potion of cancellation.
  6865 | D:8      | 6865 ||| INVOKING Fiery Armour.
  6875 | D:8      | HP: 16/83 [wyvern (12)]
  6876 | D:8      | Reached skill level 10 in Shields
  6876 | D:8      | 6876 ||| READING 5 scrolls of teleportation.
  6877 | D:8      | 6877 ||| DRINKING potion of heal wounds.
  6933 | D:8      | Noticed a cyan ugly thing
  6941 | D:8      | Killed a cyan ugly thing
  6942 | D:8      | Reached XP level 10. HP: 91/91 MP: 10/10
  7108 | D:8      | Noticed a two-headed ogre
  7118 | D:8      | Killed a two-headed ogre
  7119 | D:8      | Reached skill level 11 in Shields
  7174 | D:8      | Reached skill level 1 in Dodging
  7181 | D:8      | 7181 ||| INVOKING Fiery Armour.
  7375 | D:8      | Killed an elephant
  7563 | D:8      | 7563 ||| UPGRADING to +1 robe of willpower.
  7573 | D:8      | 7573 ||| DROPPING +0 robe.
  7574 | D:8      | 7574 ||| UPGRADING to amulet of the acrobat.
  7579 | D:8      | 7579 ||| DROPPING ring of flight.
  7650 | D:8      | Noticed a centaur warrior
  7650 | D:8      | Noticed a boulder beetle
  7651 | D:8      | 7651 ||| Stepping ~*~*~tactically~*~*~ (hiding).
  7652 | D:8      | 7652 ||| INVOKING Fiery Armour.
  7661 | D:8      | HP: 20/91 [boulder beetle (48)]
  7662 | D:8      | 7662 ||| READING 4 scrolls of teleportation.
  7665 | D:8      | Killed a centaur warrior
  7740 | D:8      | 7740 ||| READING 3 scrolls of teleportation.
  8007 | D:9      | 8007 ||| Stepping ~*~*~tactically~*~*~ (hiding).
  8016 | D:9      | 8016 ||| Stepping ~*~*~tactically~*~*~ (outnumbered).
  8076 | D:9      | 8076 ||| Stepping ~*~*~tactically~*~*~ (stealth).
  8078 | D:9      | 8078 ||| Stepping ~*~*~tactically~*~*~ (hiding).
  8080 | D:9      | 8080 ||| Stepping ~*~*~tactically~*~*~ (hiding).
  8081 | D:9      | 8081 ||| Stepping ~*~*~tactically~*~*~ (hiding).
  8082 | D:9      | 8082 ||| Stepping ~*~*~tactically~*~*~ (hiding).
  8097 | D:9      | 8097 ||| Stepping ~*~*~tactically~*~*~ (hiding).
  8099 | D:9      | 8099 ||| Stepping ~*~*~tactically~*~*~ (hiding).
  8106 | D:9      | 8106 ||| Stepping ~*~*~tactically~*~*~ (outnumbered).
  8108 | D:9      | 8108 ||| Stepping ~*~*~tactically~*~*~ (outnumbered).
  8109 | D:9      | 8109 ||| Stepping ~*~*~tactically~*~*~ (outnumbered).
  8110 | D:9      | 8110 ||| Stepping ~*~*~tactically~*~*~ (outnumbered).
  8111 | D:9      | 8111 ||| Stepping ~*~*~tactically~*~*~ (outnumbered).
  8112 | D:9      | 8112 ||| Stepping ~*~*~tactically~*~*~ (outnumbered).
  8113 | D:9      | 8113 ||| Stepping ~*~*~tactically~*~*~ (outnumbered).
  8114 | D:9      | 8114 ||| Stepping ~*~*~tactically~*~*~ (outnumbered).
  8115 | D:9      | 8115 ||| Stepping ~*~*~tactically~*~*~ (outnumbered).
  8116 | D:9      | 8116 ||| Stepping ~*~*~tactically~*~*~ (outnumbered).
  8175 | D:9      | 8175 ||| Stepping ~*~*~tactically~*~*~ (stealth).
  8177 | D:9      | 8177 ||| Stepping ~*~*~tactically~*~*~ (stealth).
  8181 | D:9      | 8181 ||| Stepping ~*~*~tactically~*~*~ (stealth).
  8185 | D:9      | 8185 ||| Stepping ~*~*~tactically~*~*~ (outnumbered).
  8187 | D:9      | 8187 ||| INVOKING Fiery Armour.
  8198 | D:9      | Reached skill level 12 in Shields
  8222 | D:9      | Noticed Psyche
  8223 | D:9      | 8223 ||| Stepping ~*~*~tactically~*~*~ (stealth).
  8239 | D:9      | Killed Psyche
  8240 | D:9      | Reached XP level 11. HP: 100/100 MP: 11/11
  8576 | D:9      | 8576 ||| Stepping ~*~*~tactically~*~*~ (stealth).
  8584 | D:9      | 8584 ||| Stepping ~*~*~tactically~*~*~ (stealth).
  8586 | D:9      | 8586 ||| Stepping ~*~*~tactically~*~*~ (hiding).
  8871 | D:9      | 8871 ||| Stepping ~*~*~tactically~*~*~ (stealth).
  8874 | D:9      | 8874 ||| Stepping ~*~*~tactically~*~*~ (stealth).
  8888 | D:9      | 8888 ||| Stepping ~*~*~tactically~*~*~ (hiding).
  8889 | D:9      | 8889 ||| Stepping ~*~*~tactically~*~*~ (hiding).
  8897 | D:9      | 8897 ||| Stepping ~*~*~tactically~*~*~ (outnumbered).
  8898 | D:9      | 8898 ||| Stepping ~*~*~tactically~*~*~ (outnumbered).
  8910 | D:9      | 8910 ||| Stepping ~*~*~tactically~*~*~ (outnumbered).
  8911 | D:9      | 8911 ||| Stepping ~*~*~tactically~*~*~ (outnumbered).
  9095 | D:9      | 9095 ||| Stepping ~*~*~tactically~*~*~ (stealth).
  9096 | D:9      | 9096 ||| Stepping ~*~*~tactically~*~*~ (stealth).
  9273 | D:9      | 9273 ||| READING scroll labelled JOVVOI ZOUDIUD.
  9328 | D:8      | 9328 ||| PLANNING LAIR
  9379 | Lair:1   | Entered Level 1 of the Lair of Beasts
  9543 | Lair:1   | Found an opulent altar of Gozag.
  9687 | Lair:1   | 9687 ||| Stepping ~*~*~tactically~*~*~ (stealth).
  9693 | Lair:1   | 9693 ||| Stepping ~*~*~tactically~*~*~ (outnumbered).
  9717 | Lair:1   | 9717 ||| INVOKING Fiery Armour.
  9736 | Lair:1   | 9736 ||| Stepping ~*~*~tactically~*~*~ (outnumbered).
  9737 | Lair:1   | 9737 ||| Stepping ~*~*~tactically~*~*~ (outnumbered).
  9738 | Lair:1   | 9738 ||| Stepping ~*~*~tactically~*~*~ (outnumbered).
  9739 | Lair:1   | 9739 ||| Stepping ~*~*~tactically~*~*~ (outnumbered).
  9740 | Lair:1   | 9740 ||| Stepping ~*~*~tactically~*~*~ (outnumbered).
  9741 | Lair:1   | 9741 ||| Stepping ~*~*~tactically~*~*~ (outnumbered).
  9748 | Lair:1   | 9748 ||| Stepping ~*~*~tactically~*~*~ (outnumbered).
  9759 | Lair:1   | Reached skill level 12 in Unarmed Combat
  9909 | Lair:1   | 9909 ||| Stepping ~*~*~tactically~*~*~ (hiding).
  9963 | Lair:1   | 9963 ||| Stepping ~*~*~tactically~*~*~ (outnumbered).
  9966 | Lair:1   | 9966 ||| Stepping ~*~*~tactically~*~*~ (outnumbered).
  9980 | Lair:1   | Reached skill level 13 in Shields
 10238 | Lair:1   | 10238 ||| READING scroll labelled PENWA ZEOJ GOACS.
 10284 | Lair:1   | 10284 ||| READING scroll labelled PIN RASCHAUV.
 10285 | Lair:1   | 10285 ||| READING 6 scrolls of identify.
 10285 | Lair:1   | 10285 ||| IDENTIFYING golden potion
 10286 | Lair:1   | 10286 ||| DROPPING potion of attraction.
 10318 | Lair:2   | 10318 ||| INVOKING Fiery Armour.
 10321 | Lair:2   | 10321 ||| Stepping ~*~*~tactically~*~*~ (outnumbered).
 10322 | Lair:2   | 10322 ||| Stepping ~*~*~tactically~*~*~ (outnumbered).
 10323 | Lair:2   | 10323 ||| Stepping ~*~*~tactically~*~*~ (outnumbered).
 10329 | Lair:2   | 10329 ||| Stepping ~*~*~tactically~*~*~ (outnumbered).
 10336 | Lair:2   | 10336 ||| Stepping ~*~*~tactically~*~*~ (outnumbered).
 10337 | Lair:2   | 10337 ||| Stepping ~*~*~tactically~*~*~ (outnumbered).
 10338 | Lair:2   | 10338 ||| Stepping ~*~*~tactically~*~*~ (outnumbered).
 10758 | Lair:3   | 10758 ||| Stepping ~*~*~tactically~*~*~ (outnumbered).
 10889 | Lair:3   | Reached XP level 12. HP: 102/111 MP: 12/12
 10994 | Lair:3   | Found a staircase to the Snake Pit.
 10995 | Lair:3   | 10995 ||| Stepping ~*~*~tactically~*~*~ (outnumbered).
 10997 | Lair:3   | 10997 ||| Stepping ~*~*~tactically~*~*~ (outnumbered).
 11000 | Lair:3   | 11000 ||| INVOKING Fiery Armour.
 11008 | Lair:3   | 11008 ||| Stepping ~*~*~tactically~*~*~ (outnumbered).
 11012 | Lair:3   | 11012 ||| Stepping ~*~*~tactically~*~*~ (outnumbered).
 11013 | Lair:3   | 11013 ||| Stepping ~*~*~tactically~*~*~ (outnumbered).
 11014 | Lair:3   | 11014 ||| Stepping ~*~*~tactically~*~*~ (outnumbered).
 11015 | Lair:3   | 11015 ||| Stepping ~*~*~tactically~*~*~ (hiding).
 11034 | Lair:3   | Reached skill level 1 in Armour
 11100 | Lair:3   | Found a staircase to the Swamp.
 11106 | Lair:3   | Noticed a five-headed hydra
 11107 | Lair:3   | 11107 ||| Stepping ~*~*~tactically~*~*~ (stealth).
 11111 | Lair:3   | 11111 ||| Stepping ~*~*~tactically~*~*~ (stealth).
 11117 | Lair:3   | 11117 ||| INVOKING Fiery Armour.
 11125 | Lair:3   | Killed an eight-headed hydra
 11188 | Lair:3   | 11188 ||| PLANNING CONVERSION TO OKAWARU
 11373 | D:5      | Fell from the grace of Ignis
 11373 | D:5      | Became a worshipper of Warmaster Okawaru
 11374 | D:5      | 11374 ||| PLANNING LAIR
 11425 | D:5      | 11425 ||| UPGRADING to ring of resist corrosion.
 11640 | Lair:3   | 11640 ||| Stepping ~*~*~tactically~*~*~ (stealth).
 11651 | Lair:3   | 11651 ||| FLEEEEING.
 11652 | Lair:3   | 11652 ||| FLEEEEING.
 11655 | Lair:3   | 11655 ||| FLEEEEING.
 11656 | Lair:3   | 11656 ||| FLEEEEING.
 11657 | Lair:3   | 11657 ||| FLEEEEING.
 11659 | Lair:3   | 11659 ||| FLEEEEING.
 11662 | Lair:3   | 11662 ||| FLEEEEING.
 11663 | Lair:3   | 11663 ||| FLEEEEING.
 11664 | Lair:3   | 11664 ||| FLEEEEING.
 11666 | Lair:3   | 11666 ||| FLEEEEING.
 11667 | Lair:3   | 11667 ||| FLEEEEING.
 11672 | Lair:3   | 11672 ||| FLEEEEING.
 11673 | Lair:3   | 11673 ||| FLEEEEING.
 11674 | Lair:3   | 11674 ||| FLEEEEING.
 11675 | Lair:3   | 11675 ||| FLEEEEING.
 11676 | Lair:3   | 11676 ||| FLEEEEING.
 11679 | Lair:3   | 11679 ||| FLEEEEING.
 11680 | Lair:3   | 11680 ||| FLEEEEING.
 11681 | Lair:3   | 11681 ||| FLEEEEING.
 11682 | Lair:3   | 11682 ||| FLEEEEING.
 11683 | Lair:3   | 11683 ||| FLEEEEING.
 11684 | Lair:3   | 11684 ||| FLEEEEING.
 11685 | Lair:3   | 11685 ||| FLEEEEING.
 11686 | Lair:3   | 11686 ||| FLEEEEING.
 11687 | Lair:3   | 11687 ||| FLEEEEING.
 11688 | Lair:3   | 11688 ||| FLEEEEING.
 11689 | Lair:3   | 11689 ||| FLEEEEING.
 11694 | Lair:3   | 11694 ||| FLEEEEING.
 11695 | Lair:3   | 11695 ||| FLEEEEING.
 11696 | Lair:3   | 11696 ||| FLEEEEING.
 11697 | Lair:3   | 11697 ||| FLEEEEING.
 11758 | Lair:3   | Noticed an alligator
 11766 | Lair:3   | Killed an alligator
 11806 | Lair:3   | 11806 ||| Stepping ~*~*~tactically~*~*~ (stealth).
 11812 | Lair:3   | 11812 ||| Stepping ~*~*~tactically~*~*~ (outnumbered).
 11813 | Lair:3   | 11813 ||| Stepping ~*~*~tactically~*~*~ (outnumbered).
 11817 | Lair:3   | 11817 ||| Stepping ~*~*~tactically~*~*~ (outnumbered).
 11819 | Lair:3   | 11819 ||| Stepping ~*~*~tactically~*~*~ (outnumbered).
 11822 | Lair:3   | 11822 ||| Stepping ~*~*~tactically~*~*~ (outnumbered).
 11823 | Lair:3   | 11823 ||| Stepping ~*~*~tactically~*~*~ (outnumbered).
 11831 | Lair:3   | Reached * piety under Okawaru
 11832 | Lair:3   | Reached skill level 14 in Shields
 11885 | Lair:3   | 11885 ||| DRINKING potion of resistance.
 11951 | Lair:3   | 11951 ||| Stepping ~*~*~tactically~*~*~ (cloud).
 11956 | Lair:3   | Reached skill level 1 in Invocations
 12045 | Lair:3   | Noticed an alligator
 12056 | Lair:3   | Killed an alligator
 12081 | Lair:3   | Noticed a seven-headed hydra
 12081 | Lair:3   | Noticed an alligator
 12081 | Lair:3   | Found the +7 great mace "Undeadhunter" {disrupt, rN+}
 12082 | Lair:3   | 12082 ||| INVOKING Heroism.
 12085 | Lair:3   | 12085 ||| Stepping ~*~*~tactically~*~*~ (outnumbered).
 12086 | Lair:3   | 12086 ||| Stepping ~*~*~tactically~*~*~ (outnumbered).
 12090 | Lair:3   | Killed an alligator
 12091 | Lair:3   | HP: 21/111 [eight-headed hydra (11)]
 12091 | Lair:3   | HP: 4/111 [eight-headed hydra (7)]
 12091 | Lair:3   | Mangled by an eight-headed hydra

Levels and vault maps discovered:
D:1:      dpeg_arrival_snail, layout_basic, kennysheep_doodads
D:2:      layout_basic, basic_altar, basic_ecumenical_altar
D:3:      layout_loops_corners, gammafunk_ghost_arena, feat_on_display
D:4:      layout_loops_ring, minmay_unequal, uniq_blork_the_orc
D:5:      layout_cave_pools, general_overflow_altar, nicolae_overflow_squiral,
          minmay_temple_entry_wispy, uniq_crazy_yiuf_cottage, uniq_edmund,
          uniq_menkaure
D:6:      layout_layer_cave, grunt_decor_one_mirror, hangedman_decor_slide_cut,
          uniq_pikel, uniq_duvessa
D:7:      layout_rooms, mainiacjoe_overflow_surrounded_room,
          gup_ossuary_entry_pyramid, uniq_prince_ribbit1
D:8:      minmay_diamond_stairs, layout_loops_ring, david_lair_generic
D:9:      layout_layer_cave, uniq_psyche
Lair:1:   layout_loops_ring, basic_altar
Lair:2:   layout_cave_shapes
Lair:3:   onia_ninara_swampy_vault, layout_cave_pods,
          minmay_swamp_entry_reptiles, minmay_snake_entry_guardpost_small

Skill      XL: |  1  2  3  4  5  6  7  8  9 10 11 12 |
---------------+-------------------------------------+-----
Unarmed Combat | 4 5 6 8 9 10 12 13 | 13.3
Fighting       | 3 4 5 |  5.0
Shields        | 1 6 10 12 13 14 | 14.0
Dodging        | 1 |  1.0
Armour         | 1 |  1.0
Invocations    | 2 |  2.6
Spellcasting   | |  1.0
Fire Magic     | |  2.1

Action                   |  1- 3 |  4- 6 |  7- 9 | 10-12 || total
-------------------------+-------+-------+-------+-------++-------
Melee: Unarmed           |   100 |    95 |   330 |   548 ||  1073
       Punch             |     1 |     1 |       |       ||     2
Throw: Boomerang         |       |    32 |       |       ||    32
Invok: Fiery Armour      |       |       |     6 |     7 ||    13
       Heroism           |       |       |       |     1 ||     1
  Use: Scroll            |     8 |     6 |     9 |     6 ||    29
       Potion            |     1 |     2 |     4 |     1 ||     8
Armor: Robe              |    39 |    17 |    41 |    98 ||   195
Dodge: Dodged            |    39 |    31 |    33 |    65 ||   168
Block: Tower shield      |       |       |   298 |   719 ||  1017

Table legend:
 A = Non-vault XP
 B = Vault XP
 C = Vault XP percentage of total XP
 D = Non-vault monster count
 E = Vault monster count
 F = Vault count percentage of total count
                 A         B        C        D         E       F
            +---------+---------+-------+---------+---------+-------
      Total |   20164 |   10424 |  34.1 |     218 |      75 |  25.6
            +---------+---------+-------+---------+---------+-------
        D:1 |      26 |       0 |   0.0 |      17 |       0 |   0.0
        D:2 |      66 |       0 |   0.0 |      18 |       0 |   0.0
        D:3 |     138 |       0 |   0.0 |      16 |       0 |   0.0
        D:4 |     188 |     126 |  40.1 |      15 |       5 |  25.0
        D:5 |     486 |     333 |  40.7 |      15 |       2 |  11.8
        D:6 |     995 |     804 |  44.7 |      11 |       3 |  21.4
        D:7 |     968 |     295 |  23.4 |      29 |       2 |   6.5
        D:8 |    1713 |    2850 |  62.5 |      14 |       8 |  36.4
        D:9 |    2212 |     404 |  15.4 |      29 |       1 |   3.3
     Lair:1 |    6719 |       0 |   0.0 |      23 |       0 |   0.0
     Lair:2 |    2464 |       0 |   0.0 |      16 |       0 |   0.0
     Lair:3 |    4189 |    5223 |  55.5 |      15 |      16 |  51.6
    Ossuary |       0 |     389 | 100.0 |       0 |      38 | 100.0
            +---------+---------+-------+---------+---------+-------
